 Dungeon Crawl Stone Soup version 0.29.1-13-g9f3cf754e1 (webtiles) character file.

Game seed: 9975873906568077633

86 Exodus22XD the Covered (level 4, -2/41 HPs)
             Began as a Minotaur Fighter on Feb 4, 2023.
             Slain by Terence
             ... wielding a +4 flail of protection
              (4 damage)
             ... on level 1 of the Dungeon.
             The game lasted 00:01:29 (1158 turns).

Exodus22XD the Covered (Minotaur Fighter)           Turns: 1158, Time: 00:01:30

Health: -2/41      AC: 10    Str: 23    XL:     4   Next: 27%
Magic:  3/3        EV:  7    Int:  5    God:
Gold:   100        SH:  4    Dex:  9    Spells: 3/3 levels left

rFire   + . .      SeeInvis .   a - +0 war axe
rCold   . . .      Faith    .   c - +0 buckler
rNeg    . . .      Spirit   .   r - +0 chain mail
rPois   .          Reflect  .   (helmet restricted)
rElec   .          Harm     .   (no cloak)
rCorr   .          Rampage  .   j - +0 pair of gloves
Will    .....                   (no boots)
Stlth   ..........              (no amulet)
HPRegen 0.13/turn               o - ring of protection from fire
MPRegen 0.08/turn               (no ring)

@: mighty
A: horns 2, retaliatory headbutt
a: no special abilities


You were on level 1 of the Dungeon.
You visited 1 branch of the dungeon, and saw 2 of its levels.

You collected 100 gold pieces.

Inventory:

Hand Weapons
 a - a +0 war axe (weapon)
 n - a +0 vampiric whip
Armour
 c - a +0 buckler (worn)
 j - a +0 pair of gloves (worn)
 r - a +0 chain mail (worn)
Jewellery
 o - a ring of protection from fire (left hand)
Scrolls
 e - a scroll of summoning {unknown}
 f - 2 scrolls of vulnerability {unknown}
 g - a scroll of blinking {unknown}
 h - a scroll of enchant weapon {unknown}
 m - a scroll of teleportation {unknown}
 p - a scroll of enchant armour {unknown}
Potions
 b - a potion of cancellation {unknown}
 i - 2 potions of haste {unknown}
 k - a potion of heal wounds {unknown}
 l - a potion of attraction {unknown}
 q - a potion of berserk rage {unknown}
 s - a potion of mutation {unknown}


   Skills:
 + Level 4.3 Fighting
 + Level 3.7 Axes
 + Level 4.4 Armour
 + Level 0.1 Stealth
 + Level 4.1 Shields


You had 3 spell levels left.
You didn't know any spells.
Your spell library was empty.

Dungeon Overview and Level Annotations

Branches:
Dungeon (2/15)

Altars:

Annotations:
D:1 Terence


Innate Abilities, Weirdness & Mutations

You have a pair of horns on your head.
You reflexively headbutt those who attack you in melee.


Message History

No target in view!
You see here 3 poisoned darts.
You see here a +0 hand axe.
You open the door.
There is an open door here.
You open the door.
Terence the Incautious comes into view.
He is wielding a +4 flail of protection.
Found a stone staircase leading up.
There is an open door here.
Terence drinks a potion.
Terence flickers and vanishes!
Deactivating autopickup; reactivate with Ctrl-A.
No target in view!
No target in view!
No target in view!
There is a stone staircase leading up here.
Something hits you but does no damage.
You climb upwards.
Reactivating autopickup.
There is a stone staircase leading down here.
Deactivating autopickup; reactivate with Ctrl-A.
You hit something. Something hits you! Something hits you but does no damage.
Okay, then.
You closely miss something. Your headbutt misses something. Something hits you.
You barely miss something. Something hits you but does no damage.
You miss something. Something hits you. x2
You closely miss something. You block something's attack.
You barely miss something. Something hits you!
You miss something. Something hits you but does no damage. Something hits you!
* * * LOW HITPOINT WARNING * * *
You feel very mighty all of a sudden. Something hits you.
* * * LOW HITPOINT WARNING * * *
You closely miss something. You headbutt something.
Something completely misses you.
You closely miss something. Your headbutt misses something. Something hits you.
* * * LOW HITPOINT WARNING * * *
Something hits you.
* * * LOW HITPOINT WARNING * * *
You barely miss something. Something hits you.
You die...

#.##.....## #....##.####...#
#....##### ##.......##.÷###
#....# #........)..### #....#
###########....#.÷###)).# #....#
#..............#..# ###..
#....####.................# ###
#.......#..........#.#.#..#### #.
##..###......#####...#.......# ##
##.# ##.....'.{@#..#..#####.###.
#.####.....##(##......# #....#
#...........#.#.......# #.....
###..####.#...#.#.......####....#
.....# ##.#...#<#.........##.....
.##.####......###.......#........
.##.###...#.............####.....
###.##..#.#.........(......#.....
..#.##....#................#.....


There were no monsters in sight!

Vanquished Creatures
  3 adders (D:2)
  A worm (D:2)
  3 dart slugs (D:1)
  7 ball pythons (D:1)
  4 endoplasms
  A giant cockroach (D:2)
  6 goblins
  4 hobgoblins
  4 jackals (D:1)
  7 kobolds
  3 bats (D:1)
  2 frilled lizards (D:1)
  6 rats
51 creatures vanquished.

Notes
Turn   | Place    | Note
-------+----------+-------------------------------------------
     0 | D:1      | Exodus22XD the Minotaur Fighter began the quest for the
                  | Orb.
     0 | D:1      | Reached XP level 1. HP: 19/19 MP: 0/0
    36 | D:1      | Reached XP level 2. HP: 19/27 MP: 1/1
   395 | D:1      | Reached XP level 3. HP: 33/33 MP: 2/2
   940 | D:2      | Reached XP level 4. HP: 36/41 MP: 3/3
  1142 | D:2      | Noticed Terence
  1157 | D:1      | HP: 2/41 [something (2)]
  1158 | D:1      | Slain by Terence

Illustrated notes

Levels and vault maps discovered:
D:1:      amcnicky_arrival_choice, layout_rooms, st_stairs_9,
          minmay_close_crescents
D:2:      layout_basic, basic_altar, minmay_misc_feat_enclosed,
          serial_park_tiny_1, serial_bayou_pond_a, minmay_between, uniq_terence,
          uniq_natasha

Skill      XL: |  1  2  3 |
---------------+----------+-----
Shields        | 4 |  4.1
Fighting       | 4 |  4.3
Armour         | 4 |  4.4
Axes           | 3 |  3.7
Stealth        | |  0.1

Action                   |  1- 3 |  4- 6 || total
-------------------------+-------+-------++-------
Melee: War axe           |    97 |    20 ||   117
       Headbutt          |    12 |     2 ||    14
  Use: Potion            |       |     1 ||     1
Armor: Scale mail        |    54 |     1 ||    55
       Chain mail        |       |     7 ||     7
Dodge: Dodged            |    38 |     4 ||    42
Block: Buckler           |    29 |     2 ||    31
